 Dungeon Crawl Stone Soup version 0.28.0 (webtiles) character file.

Game seed: 15114196655774606696

78 croobank the Insei (level 4, 0/29 HPs)
             Began as an Octopode Transmuter on Feb 13, 2022.
             Slain by a goblin (2 damage)
             ... led by Robin
             ... on level 2 of the Dungeon.
             The game lasted 00:04:29 (1666 turns).

croobank the Insei (Octopode Transmuter)            Turns: 1666, Time: 00:04:29

Health: 0/29       AC:  1    Str:  9    XL:     4   Next: 36%
Magic:  3/7        EV: 13    Int: 23    God:
Gold:   41         SH:  0    Dex: 12    Spells: 5/8 levels left

rFire   . . .      SeeInvis .   a - +0 demon blade (pain)
rCold   . . .      Faith    .   (no shield)
rNeg    . . .      Spirit   .   (helmet currently unavailable)
rPois   .          Reflect  .   (no amulet)
rElec   .          Harm     .   h - +6 ring of intelligence
rCorr   .          Rampage  .   (no ring)
Will    .....                   (no ring)
Stlth   ++........              (no ring)
HPRegen 0.09/turn               (no ring)
MPRegen 0.10/turn               (no ring)
                                (no ring)
                                (no ring)

@: appendages, wereblooded
A: tentacle spike 3, almost no armour, amphibious, 8 rings, camouflage 1,
gelatinous body 1, (nimble swimmer 1), tentacles
a: End Transformation


You were on level 2 of the Dungeon.
One of your tentacles had grown a beastly spike.
You visited 1 branch of the dungeon, and saw 2 of its levels.

You collected 41 gold pieces.

Inventory:

Hand Weapons
 a - a +0 demon blade of pain (weapon)
 c - a +0 mace
Missiles
 d - 92 stones
 i - 9 boomerangs
Magical Staves
 f - a staff of cold
Jewellery
 h - a +6 ring of intelligence (left tentacle)
Scrolls
 b - 2 scrolls of identify {unknown}
 e - 2 scrolls of silence {unknown}
 g - a scroll of summoning {unknown}
 j - a scroll of vulnerability {unknown}


   Skills:
 + Level 1.8 Fighting
 + Level 0.8 Long Blades
 + Level 2.5 Dodging
 + Level 3.4 Unarmed Combat
 + Level 2.5 Spellcasting
 + Level 2.5 Transmutations


You had 5 spell levels left.
You knew the following spells:

 Your Spells              Type           Power      Damage    Failure   Level
a - Beastly Appendage     Tmut           28%        N/A       4%          1
b - Wereblood             Tmut           14%        N/A       6%          2

Your spell library contained the following spells:

 Spells                   Type           Power      Damage    Failure   Level
 Magic Dart               Conj           8%         1d3       12%         1
 Call Imp                 Summ           2%         N/A       19%         2
 Spider Form              Tmut/Pois      8%         N/A       22%         3
 Mephitic Cloud           Conj/Pois/Air  2%         N/A       36%         3
 Ice Form                 Ice/Tmut       8%         N/A       58%         4


Dungeon Overview and Level Annotations

Branches:
Dungeon (2/15)

Altars:

Shops:
D:1 (

Annotations:
D:2 Robin


Innate Abilities, Weirdness & Mutations

One of your tentacles has grown a beastly spike.
You cannot wear most types of armour.
You are amphibious.
You can wear up to eight rings at the same time.
Your skin changes colour to match your surroundings (Stealth+).
Your rubbery body absorbs attacks. (AC +1, EV +1)
((You are camouflaged when in or above water. (Stealth+)))
You have tentacles for arms and can constrict up to eight enemies at once.


Message History

The goblin hits you with a +0 dagger. The goblin closely misses you.
The goblin hits you with a +0 dagger. The goblin misses you.
You barely miss the goblin. Your grab misses the goblin.
You tentacle-slap the goblin.
You feel a bit better.
You kill the goblin!
Your primal bloodlust is almost over.
Robin roars a battlecry!
The goblins go into a battle-frenzy!
The goblin hits you with a +0 dagger. The goblin barely misses you.
Casting: Wereblood (safe; 7% risk of failure)
Confirm with . or Enter, or press ? or * to list all spells.
One of your tentacles grows a vicious spike.
The goblin misses you.
You barely miss the goblin. Your grab misses the goblin.
The goblin is severely wounded.
Your primal bloodlust has ended.
The goblin hits you with a +0 dagger.
You barely miss the goblin. You grab the goblin.
You pierce the goblin.
You kill the goblin!
Robin laughs in a distinctly smug fashion.
Casting: Beastly Appendage (safe; 4% risk of failure)
Confirm with . or Enter, or press ? or * to list all spells.
Your blood is infused with primal strength.
You miss the goblin. Your grab misses the goblin.
Your squeeze misses the goblin. The goblin hits you with a +0 club. x2
* * * LOW HITPOINT WARNING * * *
You slash the goblin!
You feel a bit better.
You kill the goblin!
Robin says, "My goblins will feast on your bones."
The goblin hits you with a +0 club.
* * * LOW HITPOINT WARNING * * *
You aren't carrying any potions.
Robin says, "My goblins will feast on your bones."
Robin throws the goblin at you!
* * * LOW HITPOINT WARNING * * *
You see here a +0 club.
You howl as the wereblood boils in your veins!
The goblin no longer looks unusually strong.
The goblin hits you with a +0 dagger.
You die...

.. .....K. .. .......
....... . #...##.###
.....b.
###.#...##...####.......
...#...# #............
#.....## #............
#......###.....##.#
#!....##.)...#..####
#).@#)##g)...#......
......#.gg.).)...........
........####K......#.....
.........###......##.....
....................†..).
.....#.#.###.#..†.##.....
.......#.##..#..#.#......
.........#.#.......#####
.....##......##.#.##


You could see 2 goblins and a kobold.

Vanquished Creatures
  Jessica (D:2)
  An adder (D:2)
  2 dart slugs (D:1)
  A ball python (D:2)
  5 bats
  4 endoplasms (D:1)
  2 giant cockroaches (D:2)
  2 hobgoblins (D:1)
  3 kobolds (D:1)
  A frilled lizard (D:1)
  11 goblins
  3 rats (D:1)
36 creatures vanquished.

Notes
Turn   | Place    | Note
-------+----------+-------------------------------------------
     0 | D:1      | croobank the Octopode Transmuter began the quest for the
                  | Orb.
     0 | D:1      | Reached XP level 1. HP: 13/13 MP: 3/3
   426 | D:1      | Reached XP level 2. HP: 15/18 MP: 3/5
   429 | D:1      | Learned a level 2 spell: Wereblood
   976 | D:1      | Found Quttyomou's Weapon Emporium.
  1117 | D:1      | Reached XP level 3. HP: 23/23 MP: 4/6
  1635 | D:2      | Noticed Jessica
  1645 | D:2      | Killed Jessica
  1646 | D:2      | Reached XP level 4. HP: 29/29 MP: 4/7
  1651 | D:2      | Noticed Robin
  1665 | D:2      | HP: 1/29 [Robin/goblin (2)]
  1666 | D:2      | Slain by a goblin

Illustrated notes

Levels and vault maps discovered:
D:1:      dpeg_arrival_morbid_curiosity, layout_basic, serial_shops,
          nicolae_shop_bloodbath_and_beyond, roderic_lattice_a, grunt_decor_cap,
          minivault_23, due_unseen_surprise
D:2:      layout_rooms, hellmonk_ecumenical_altar_inner_sanctum,
          minmay_pentomino_v4, uniq_sigmund, uniq_jessica, uniq_robin

Action                   |  1- 3 |  4- 6 || total
-------------------------+-------+-------++-------
Melee: Mace              |    11 |       ||    11
       Kick              |    12 |     2 ||    14
       Unarmed           |     6 |       ||     6
       Constrict         |    14 |     2 ||    16
       Tentacles         |     6 |       ||     6
       Punch             |     3 |     1 ||     4
       Demon blade       |    38 |     8 ||    46
 Cast: Beastly Appendage |    12 |     1 ||    13
       Wereblood         |     1 |     1 ||     2
 Stab: Sleeping          |     4 |       ||     4
Armor: Skin              |     8 |       ||     8
Dodge: Dodged            |    40 |     6 ||    46
